 Dungeon Crawl Stone Soup version 0.32-a0-22-g6ae6769602 (webtiles) character file.

Game seed: 16480706678213019572

1606135 shadowrider38 the Warrior (level 25, 231/231 HPs)
             Began as a Black Draconian Gladiator on Jan 17, 2024.
             Was the Champion of Wu Jian.
             Escaped with the Orb
             ... and 3 runes on Jan 18, 2024!
             The game lasted 02:17:16 (71012 turns).

shadowrider38 the Warrior (DrGl)                   Turns: 71012, Time: 02:17:17

Health: 231/231    AC: 20    Str: 14    XL:     25   Next: 14%
Magic:  36/36      EV: 31    Int: 10    God:    Wu Jian [******]
Gold:   3879       SH: 17    Dex: 26    Spells: 35/43 levels left

rFire   + + .        a - +9 quick blade (freeze)
rCold   + . .        W - +0 kite shield of Asceticism {rF+ Dex+4}
rNeg    . . .        (body armour unavailable)
rPois   +            r - +2 hat
rElec   +            w - scarf of Josutz {rC+ rF+, Rampage}
rCorr   +            P - +2 pair of gloves {infuse}
SInv    +            G - +2 pair of boots
Will    ++++.        i - amulet of magic regeneration
Stlth   ++           V - ring of Utynt {rElec rPois Will++ rCorr Str-2}
HPRegen 0.58/turn    y - +4 ring of slaying
MPRegen 0.65/turn

%: rampage, infuse magic (1 MP)
@: maw-form, flying
A: devouring maw, flying, breathe lightning, AC +12, unfitting armour, big
wings, electricity resistance, cold-blooded, see invisible, strong-willed 1,
weak 1, wild magic 1
0: Orb of Zot
}: 3/15 runes: decaying, serpentine, silver
a: Breathe Lightning, Begin Untransformation, Renounce Religion, Wall Jump,
Serpent's Lash, Heavenly Storm


You escaped.
You worshipped Wu Jian.
Wu Jian was exalted by your worship.
You were a creature with a mouth for a stomach.
You visited 10 branches of the dungeon, and saw 47 of its levels.
You visited the Abyss 1 time.
You also visited: Ice Cave.

You collected 7024 gold pieces.
You spent 3145 gold pieces at shops.

Inventory:

Hand Weapons
 a - a +9 quick blade of freezing (weapon)
 b - a +6 rapier of electrocution
Missiles
 F - 5 curare-tipped darts
 Z - 7 throwing nets (quivered)
Armour
 r - a +2 hat (worn)
 w - the scarf of Josutz (worn) {rC+ rF+, Rampage}
   (You found it on level 5 of the Vaults)

   Rampage:   It bestows one free step when moving towards enemies.
 G - a +2 pair of boots (worn)
 P - a +2 pair of gloves of infusion (worn)
 W - the +0 kite shield of Asceticism (worn) {rF+ Dex+4}
   (You bought it in a shop on level 2 of the Snake Pit)

   Dex+4:     It affects your dexterity (+4).
   rF+:       It protects you from fire.
Jewellery
 c - a ring of protection from cold
 f - a ring of protection from fire
 g - the ring "Jiju" {rCorr Dex+3}
   (You found it on level 3 of the Vaults)

   [ring of resist corrosion]

   Dex+3:     It affects your dexterity (+3).
   rCorr:     It protects you from acid and corrosion.
 i - an amulet of magic regeneration (around neck)
 m - the ring of the Princeling {Will+ Dex+6 Stlth+}
   (You found it on level 1 of the Depths)

   [ring of dexterity]

   Dex+6:     It affects your dexterity (+6).
   Will+:     It increases your willpower.
   Stlth+:    It makes you more stealthy.
 o - the ring "Zuse" {rPois Will+ Str+6 Int+4 Dex-4}
   (You found it on level 3 of the Depths)

   [ring of willpower]

   Str+6:     It affects your strength (+6).
   Int+4:     It affects your intelligence (+4).
   Dex-4:     It affects your dexterity (-4).
   rPois:     It protects you from poison Will+: It increases your willpower.
 s - the ring "Moowyos" {^Contam Will+ EV+5 SInv}
   (You found it on level 3 of the Depths)

   [ring of evasion]

   EV+5:      It affects your evasion (+5).
   Will+:     It increases your willpower.
   SInv:      It lets you see invisible.
   ^Contam:   It causes magical contamination when unequipped.
 y - a +4 ring of slaying (right hand)
 V - the ring of Utynt (left hand) {rElec rPois Will++ rCorr Str-2}
   (You found it on level 3 of the Depths)

   [ring of poison resistance]

   Str-2:     It affects your strength (-2).
   rElec:     It insulates you from electricity.
   rPois:     It protects you from poison Will++: It greatly increases your
   willpower.
   rCorr:     It protects you from acid and corrosion.
Talismans
 p - a maw talisman (active)
Wands
 d - a wand of light (45)
 D - a wand of digging (13)
 E - a wand of charming (35)
 I - a wand of iceblast (19)
Scrolls
 e - 13 scrolls of poison
 h - 3 scrolls of revelation
 u - 3 scrolls of summoning
 x - 5 scrolls of immolation
 A - 3 scrolls of brand weapon
 B - 9 scrolls of blinking
 L - a scroll of silence {!r}
 N - 7 scrolls of fear
 R - 15 scrolls of identify
 S - 3 scrolls of vulnerability
 T - 4 scrolls of teleportation
 Y - 4 scrolls of fog
Potions
 j - 9 potions of mutation
 k - a potion of enlightenment
 l - 3 potions of might
 n - a potion of magic
 q - 5 potions of ambrosia
 t - a potion of resistance
 z - 4 potions of heal wounds
 C - 3 potions of invisibility
 H - 4 potions of haste
 J - 10 potions of lignification
 M - 3 potions of cancellation
 Q - 16 potions of curing
Miscellaneous
 v - a lightning rod (4/4)
 K - a phantom mirror
 O - a condenser vane
 U - a phial of floods
 X - a box of beasts


   Skills:
 - Level 20.0 Fighting
 - Level 14.0 Short Blades
 - Level 1.7 Throwing
 - Level 20.0 Dodging
 - Level 10.0 Stealth
 - Level 18.0 Shields
 + Level 9.8 Spellcasting
 + Level 7.8 Translocations
 - Level 6.0 Air Magic
 + Level 7.9 Earth Magic
 - Level 15.0 Evocations
 - Level 19.0 Shapeshifting


You had 35 spell levels left.
You knew the following spells:

 Your Spells              Type           Power      Damage    Failure   Level
a - Swiftness             Air            21%        N/A       9%          3
c - Passwall              Erth           26%        N/A       4%          3
d - Blink                 Tloc           52%        N/A       2%          2

Your spell library contained the following spells:

 Spells                   Type           Power      Damage    Failure   Level
 Apportation              Tloc           52%        N/A       1%          1
 Sandblast                Erth           52%        2d12      1%          1
 Gell's Gravitas          Tloc           26%        N/A       4%          3
 Momentum Strike          Conj/Tloc      32%        3d8       11%         2
 Mercury Vapours          Alch/Air       28%        N/A       14%         2
 Stone Arrow              Conj/Erth      32%        3d9       19%         3
 Volatile Blastmotes      Fire/Tloc      32%        2d12      19%         3
 Cigotuvi's Dreadful Rot  Necr/Alch/Air  22%        N/A       21%         2
 Kiss of Death            Conj/Necr      24%        2d7       30%         1
 Slow                     Hex            24%        N/A       30%         1
 Sting                    Conj/Alch      24%        1d4       30%         1
 Summon Small Mammal      Summ           24%        N/A       30%         1
 Lee's Rapid Deconstruct  Erth           13%        3d9*      32%         5
 Mephitic Cloud           Conj/Alch/Air  11%        N/A       36%         3
 Call Imp                 Summ           12%        N/A       41%         2
 Ensorcelled Hibernation  Hex/Ice        12%        N/A       41%         2
 Sublimation of Blood     Necr           6%         N/A       41%         2
 Iskenderun's Mystic Bla  Conj/Tloc      16%        2d5       50%         4
 Petrify                  Alch/Erth      16%        N/A       50%         4
 Call Canine Familiar     Summ           6%         N/A       63%         3
 Confusing Touch          Hex            6%         N/A       63%         3
 Dazzling Flash           Conj/Hex       12%        N/A       63%         3
 Sigil of Binding         Hex            6%         N/A       63%         3
 Vampiric Draining        Necr           6%         2d6       63%         3
 Borgnjor's Vile Clutch   Necr/Erth      8%         N/A       83%         5
 Dispel Undead            Necr           6%         3d8       95%         4
 Fulminant Prism          Conj/Alch      3%         3d5       95%         4
 Ignite Poison            Fire/Alch      6%         N/A       95%         4
 Olgreb's Toxic Radiance  Alch           6%         N/A       95%         4
 Sticky Flame             Fire/Alch      6%         2d4       95%         4
 Summon Blazeheart Golem  Fire/Summ      6%         N/A       95%         4
 Freezing Cloud           Conj/Ice/Air   5%         6-21      97%         5
 Alistair's Intoxication  Alch           4%         N/A       100%        5
 Irradiate                Conj/Alch      3%         3d12      100%        5
 Iskenderun's Battlesphe  Conj           6%         2d6       100%        5
 Bombard                  Conj/Erth      8%         9d2       100%        6
 Eringya's Noxious Bog    Alch           3%         4d6       100%        6
 Haunt                    Necr/Summ      3%         N/A       100%        7
 Malign Gateway           Summ/Tloc      8%         N/A       100%        7
 Spellforged Servitor     Conj/Summ      3%         N/A       100%        7
 Borgnjor's Revivificati  Necr           3%         N/A       100%        8
 Ignition                 Fire           3%         3d4       100%        8
 Summon Horrible Things   Summ           3%         N/A       100%        8
 Chain Lightning          Conj/Air       7%         3d9       100%        9
 Death's Door             Necr           3%         N/A       100%        9
 Fire Storm               Conj/Fire      3%         8d1       100%        9
 Shatter                  Erth           13%        3d13*     100%        9


Dungeon Overview and Level Annotations

Branches:
Dungeon (15/15)            Temple (1/1) D:6            Lair (5/5) D:11
  Swamp (4/4) Lair:2        Snake (4/4) Lair:2        Slime (0/5) Lair:5
    Orc (2/2) D:12            Elf (2/3) Orc:2        Vaults (5/5) D:14
  Crypt (0/3) Vaults:2     Depths (4/4) D:15            Zot (5/5) Depths:4
  IceCv (visited)

Altars:
Ashenzari
Cheibriados
Dithmenos
Elyvilon
Fedhas
Gozag
Hepliaklqana
Kikubaaqudgha
Makhleb
Nemelex Xobeh
Okawaru
Qazlal
Ru
Sif Muna
Trog
Uskayaw
Vehumet
Wu Jian
Xom
Yredelemnul
Zin
The Shining One

Shops:
D:2 =   D:7 :   D:11 ?   D:14 (   Orc:2 (*=   Elf:1 :   Elf:2 :   Snake:2 [(?[
Snake:4 :   Vaults:1 (   Vaults:3 [   Vaults:4 *   Depths:2 :

Portals:
Hell: Depths:1 Depths:2 Depths:3 Depths:4
Abyss: Depths:1 Depths:3 Depths:4
Pandemonium: Depths:2
Ziggurat: Depths:2

Annotations:
D:1 exclusion: downstairs
D:4 exclusion: downstairs
D:5 exclusion: 2 downstairs
D:9 exclusion: downstairs
D:10 exclusion: troll, Urug
D:13 1 runed translucent door, Winlehek's ghost, journeyman HOFi
Lair:1 exclusion: 2 downstairs
Lair:3 exclusion: door
Lair:4 exclusion: downstairs


Innate Abilities, Weirdness & Mutations

You are a creature with a mouth for a stomach.
Your midsection houses a second, enormous mouth.
You are flying.
You can breathe wild blasts of lightning.
Your glossy black scales are hard. (AC +12)
You cannot fit into any form of body armour.
Your large and strong wings let you fly.
You are resistant to electric shocks. (rElec)
You are cold-blooded and may be slowed by cold attacks.
You have supernaturally acute eyesight. (SInv)
You are strong-willed. (Will+)
You are weak. (Str -2)
Your spells are a little harder to cast, but a little more powerful.


Message History

You kill the Executioner!
The Council accepts your kill.
You block the large abomination's attack.
The large abomination misses you.
You puncture the large abomination! You freeze the large abomination.
Your tail-slap misses the large abomination.
You bite the large abomination! You puncture the large abomination!
You freeze the large abomination.
You tail-slap the large abomination, but do no damage.
You bite the large abomination.
You destroy the large abomination!
The Council accepts your kill.
You puncture the large abomination! You freeze the large abomination.
You tail-slap the large abomination, but do no damage.
You bite the large abomination.
You destroy the large abomination!
The Council accepts your kill.
There is a stone staircase leading up here.
You fly upwards.
There is a stone staircase leading down here.
What level of the Dungeon? (default 1, ? - help) Magic restored.
You see here 3 stones.
There is a stone staircase leading up, spattered with blood here.
You fly upwards.
Level annotation: exclusion: 2 downstairs
There is a stone staircase leading down, spattered with blood here.
There is a stone staircase leading up here.
You fly upwards.
Level annotation: exclusion: downstairs
There is a stone staircase leading down here.
A shadow demon comes into view.
Things that are here:
a +0 dagger; a +0 short sword
There is a stone staircase leading up, spattered with blood here.
You fly upwards.
There is a stone staircase leading down, spattered with blood here.
What level of the Dungeon? (default 1, ? - help)
You see here a +0 club.
There is a stone staircase leading up here.
You fly upwards.
There is a stone staircase leading down here.
There is a stone staircase leading up here.
You fly upwards.
Level annotation: exclusion: downstairs
There is a stone staircase leading down here.
You see here a +0 sling.
You see here a +0 long sword.
There is a staircase leading out of the dungeon here.
You have escaped!

####.....##.~~..#..##.#.#....##..
..##.....#..~~~....#...##........
#..#....##~~~...≈~~....##....#..#
##.#....#.~....~≈≈≈~.~.####.....#
##......##...~~~≈≈≈≈...# ##.....#
.....#..###...≈~~~≈≈≈.####......#
####....#.#..~~≈.≈≈≈~.##.....#...
# #....#)#...~..≈~≈≈.##.........
# #....#..~~~.~W..~~.##.....#.#.
# #....###.≈~~...~.~.###...##.##
# #....# #.~≈~~~~~~..# #........
# #....###..~~~≈≈≈~~## #.......#
# #.##.##...~.~≈≈~..## #........
# #....###.#..~≈~~..≈###....##..
####....##.##.~~.~~~...##...#####
...)....###...~~....)#.##...#####
.##.....##...~..#...#...#........


There were no monsters in sight!

Vanquished Creatures
  3 ancient liches
  6 dread liches
  5 orbs of fire (Zot:5)
  Sojobo (Vaults:2)
  Saint Roka (Orc:2)
  A curse toe (Zot:5)
  3 Killer Klowns (Zot:5)
  4 caustic shrikes (Depths:4)
  11 golden dragons
  Nikola (Snake:4)
  Jorgrun (D:12)
  2 electric golems (Zot:5)
  9 tentacled monstrosities
  A Hell Sentinel (Depths:4)
  Mlioglotl (Swamp:2)
  29 Orb Guardians
  A hellephant (Depths:2)
  6 titans (Vaults:5)
  4 quicksilver dragons
  2 walking divine tomes
  4 sphinxes
  An Executioner (D:7)
  2 death cobs
  Kirke (Lair:2)
  8 storm dragons
  3 thorn hunters (Swamp:4)
  3 shadow dragons
  Agnes (Snake:1)
  13 tengu reavers
  A protean progenitor (Zot:5)
  Aizul (Snake:4)
  10 frost giants
  5 deep elf sorcerers
  A ghoul (Swamp:4)
  15 fire giants
  4 nagarajas
  3 ghost moths
  3 iron dragons
  20 vault wardens
  3 balrugs (Depths:4)
  A draconian scorcher (Depths:4)
  4 orc warlords
  A draconian stormcaller (Depths:4)
  13 very ugly things
  8 vampire knights
  3 formless jellyfish
  4 spriggan defenders
  20 ironbound preservers
  9 stone giants
  13 ironbound thunderhulks
  2 deep elf death magi
  2 deep elf demonologists
  A black draconian (Zot:4)
  A lorocyproca (Zot:3)
  A yellow draconian (Zot:2)
  3 eleionomae
  5 deep elf annihilators
  9 bunyips
  2 green draconians (Depths:4)
  8 spark wasps
  Azrael (Snake:2)
  23 dire elephants
  3 war gargoyles
  A red draconian (Depths:4)
  A demonspawn black sun (Zot:3)
  A fire dragon (Depths:4)
  A crystal guardian (Vaults:2)
  8 ettins
  A blizzard demon (D:12)
  2 entropy weavers (Vaults:4)
  A deep elf high priest (Vaults:5)
  An entropy weaver (shapeshifter) (D:14)
  A quicksilver dragon zombie (D:15)
  A merfolk impaler (Depths:3)
  11 ice dragons
  25 yaktaur captains
  9 great orbs of eyes
  8 spriggan air magi
  4 rakshasas
  40 vault guards
  4 ghost crabs
  11 ironbound frosthearts
  A salamander tyrant (Snake:4)
  9 ogre magi
  2 catoblepae (Lair:4)
  19 hydras
  An ice dragon (shapeshifter) (Vaults:5)
  A sphinx zombie (D:15)
  9 anacondas
  10 alligators
  2 peacekeepers
  3 two-headed ogres
  5 boulder beetles
  26 centaur warriors
  A hell hog (Depths:4)
  2 vampire magi
  23 dancing weapons
  6 deep troll shamans
  3 tengu warriors (Depths:1)
  5 death yaks (IceCv)
  16 naga sharpshooters
  7 naga warriors
  13 deep troll earth magi
  An occultist (Depths:3)
  6 soul eaters (Depths:4)
  4 orc high priests (Orc:2)
  8 spriggan berserkers
  7 shock serpents
  Nergalle (D:12)
  12 deep elf knights
  15 hell knights
  2 sun demons
  A sixfirhy (Zot:3)
  Lodul (D:12)
  3 goliath frogs
  2 salamander mystics
  2 sea snakes (Snake:4)
  A sea snake (shapeshifter) (Vaults:3)
  7 skeletal warriors (D:15)
  2 iron trolls (Depths:1)
  6 skysharks
  53 deep trolls
  5 glowing orange brains
  A spark wasp zombie (D:15)
  7 naga ritualists
  3 spriggan druids
  10 arcanists
  8 mana vipers
  9 bog bodies
  15 swamp dragons
  A harpy (D:14)
  18 ironbound convokers
  A harpy (shapeshifter) (D:15)
  26 deep elf pyromancers
  A steelbarb worm (shapeshifter) (Vaults:5)
  A lindwurm (shapeshifter) (Vaults:5)
  5 orc knights
  5 necromancers
  12 lindwurms
  23 deep elf zephyrmancers
  10 deep elf archers
  4 phantasmal warriors
  42 ugly things
  A faun (shapeshifter) (Vaults:5)
  5 orc sorcerers
  4 cyclopes
  3 manticores
  12 salamanders
  3 will-o-the-wisps
  16 moths of wrath
  9 elephants (Lair:2)
  23 vault sentinels
  A guardian serpent (Snake:3)
  3 kobold blastminers (Orc:2)
  29 slime creatures
  20 naga magi
  An ice statue (IceCv)
  5 molten gargoyles (Elf:2)
  A rust devil (D:11)
  4 smoke demons (Depths:4)
  3 gargoyles
  32 black mambas
  3 torpor snails
  13 cane toads
  4 rime drakes
  11 large abominations
  An unseen horror (Depths:1)
  8 komodo dragons
  32 yaktaurs
  An ice devil (Zot:4)
  2 kobold demonologists
  6 trolls
  A tarantella (Vaults:4)
  Prince Ribbit (D:5)
  28 blink frogs
  10 tyrant leeches
  18 polar bears
  A raiju (shapeshifter) (D:14)
  11 dream sheep
  18 hornets
  A jumping spider (shapeshifter) (D:12)
  3 air elementals (Elf:1)
  18 spriggans
  3 small abominations (Depths:1)
  2 wyverns
  2 water elementals
  A vampire (D:12)
  6 basilisks
  40 yaks
  5 fire elementals
  A human (shapeshifter) (D:13)
  3 wraiths
  3 hogs (Lair:2)
  6 wargs
  5 redbacks (Vaults:4)
  13 vampire mosquitoes
  3 chaos spawn (Depths:1)
  A swamp worm (shapeshifter) (Vaults:3)
  19 nagas
  17 swamp worms
  3 acid dragons
  15 water moccasins
  12 swamp drakes
  A hell hound (Snake:2)
  2 ice beasts
  38 orc warriors
  2 sky beasts
  16 ogres
  29 wolves
  10 centaurs
  3 boggarts (D:14)
  A phantom (D:7)
  4 kobold brigands
  13 bullfrogs
  A scorpion (D:4)
  3 earth elementals (Elf:1)
  2 gnoll sergeants
  9 wights
  6 killer bees (D:9)
  4 howler monkeys
  9 electric eels
  27 orc priests
  10 hounds
  Crazy Yiuf (D:2)
  3 bombardier beetles
  3 gnoll boudas
  A sleepcap (D:4)
  4 iguanas
  7 hell rats (Lair:4)
  35 orc wizards
  25 gnolls
  7 adders
  2 shadow imps
  16 white imps
  4 ufetubi
  4 ribbon worms
  2 dart slugs
  A ribbon worm (shapeshifter) (Elf:1)
  99 orcs
  6 ball pythons
  9 bats
  8 endoplasms
  12 goblins
  6 hobgoblins
  3 jackals
  18 kobolds
  4 quokkas
  4 frilled lizards
  7 rats
  An aspiring flesh (Zot:5)
1975 creatures vanquished.

Vanquished Creatures (others)
  Vashnia (Snake:4)
  A deep elf knight (Elf:2)
  A deep elf pyromancer (Elf:2)
  5 bloated husks
  A water elemental (Elf:2)
  A human (Swamp:1)
  A hog (Swamp:1)
  A fire elemental (Elf:1)
  A swamp worm (Swamp:4)
  2 orcs
  A goblin (D:9)
  4 foxfires
20 creatures vanquished.

Grand Total: 1995 creatures vanquished

Notes
Turn   | Place    | Note
-------+----------+-------------------------------------------
     0 | D:1      | shadowrider38 the Draconian Gladiator began the quest for
                  | the Orb.
     0 | D:1      | Reached XP level 1. HP: 17/17 MP: 1/1
   455 | D:1      | Reached XP level 2. HP: 23/24 MP: 2/2
  1079 | D:2      | Reached XP level 3. HP: 27/29 MP: 3/3
  1558 | D:2      | Found Foilipho's Jewellery Shop.
  1590 | D:2      | Reached XP level 4. HP: 30/36 MP: 4/4
  1731 | D:2      | Found a runed translucent door.
  1732 | D:2      | Noticed Crazy Yiuf
  2432 | D:3      | Reached XP level 5. HP: 30/41 MP: 5/5
  2528 | D:3      | Found a shimmering blue altar of Sif Muna.
  4095 | D:4      | Reached skill level 3 in Fighting
  4095 | D:4      | Reached XP level 6. HP: 44/51 MP: 6/6
  5284 | D:4      | Your scales start taking on a glossy black colour.
  5284 | D:4      | Reached XP level 7. HP: 59/59 MP: 7/7
  5284 | D:4      | Gained mutation: You are resistant to electric shocks.
                  | (rElec) [Black Draconian growth]
  7436 | D:5      | Entered Level 5 of the Dungeon
  7448 | D:5      | Noticed Prince Ribbit
  7564 | D:5      | Found an ancient bone altar of Kikubaaqudgha.
  8391 | D:4      | Learned a level 3 spell: Swiftness
  8710 | D:5      | Killed Prince Ribbit
  8711 | D:5      | Reached XP level 8. HP: 64/68 MP: 8/8
  9673 | D:6      | Reached skill level 3 in Dodging
  9756 | D:6      | Found a hide-covered altar of Uskayaw.
  9806 | D:6      | Found a staircase to the Ecumenical Temple.
  9832 | Temple   | Entered the Ecumenical Temple
 10325 | D:6      | Found a shadowy altar of Dithmenos.
 10664 | D:7      | Found a broken altar of Ashenzari.
 10674 | D:7      | Reached XP level 9. HP: 75/75 MP: 9/9
 11063 | D:7      | Found Macvairch's Book Shop.
 11108 | D:7      | Reached skill level 9 in Short Blades
 11803 | D:2      | Killed Crazy Yiuf
 14056 | D:7      | Paralysed by a hornet for 3 turns
 14564 | D:9      | Reached XP level 10. HP: 63/86 MP: 10/10
 14711 | D:9      | Found a bloodstained altar of Trog.
 15686 | D:9      | Found a blossoming altar of Fedhas.
 15687 | D:9      | Found a sacrificial altar of Ru.
 15688 | D:9      | Found a glowing golden altar of the Shining One.
 15688 | D:9      | Found a sparkling altar of Nemelex Xobeh.
 15754 | D:9      | Found a burning altar of Makhleb.
 15756 | D:9      | Found a glowing silver altar of Zin.
 15760 | D:9      | Noticed an angel
 15760 | D:9      | Noticed a balrug
 15998 | D:10     | Entered Level 10 of the Dungeon
 16020 | D:10     | Noticed a gargoyle
 16210 | D:10     | Identified the +2 dagger "Suimewn" {pain, rC++}
 16247 | D:10     | Found an ornate altar of the Wu Jian Council.
 16253 | D:10     | Became a worshipper of the Wu Jian Council
 16267 | D:10     | Noticed Urug
 16745 | D:10     | Noticed a two-headed ogre
 16972 | D:11     | Noticed a gargoyle
 16979 | D:11     | Found Roetunoci's Magic Scroll Shoppe.
 16987 | D:11     | Bought a scroll of blinking for 112 gold pieces
 16987 | D:11     | Bought a scroll of blinking for 112 gold pieces
 17141 | D:11     | Identified the +4 rapier "Zuseun" {pain, rF++ rC+}
 17217 | D:11     | Reached skill level 3 in Shapeshifting
 17218 | D:11     | shadowrider38: ??pain brand
 17218 | D:11     | beem: pain brand[1/2]: Brand which inflicts 1d(necromancy
                  | skill) extra damage on necro out of necro+1 successful
                  | hits. Does not affect those with rN (demons, undead,
                  | unliving, shadow dragons, holies). (For the record, a
                  | monster's necromancy skill is HD/2, HD if undead or
                  | demonic, 0 if mindless/animal). Begins to edge out {elec
                  | brand} at 8 skill (10 before 0.28).
 17235 | D:11     | Found a sacrificial altar of Ru.
 17525 | D:11     | Found a staircase to the Lair.
 18066 | D:11     | Noticed a green ugly thing
 18179 | Lair:1   | Entered Level 1 of the Lair of Beasts
 18857 | Lair:1   | Noticed a boulder beetle
 18913 | Lair:1   | Killed a boulder beetle
 18914 | Lair:1   | Reached XP level 11. HP: 71/92 MP: 11/11
 19072 | Lair:1   | You fall into a shaft and drop 1 floor!
 19998 | Lair:1   | Reached * piety under Wu Jian
 20098 | Lair:1   | Reached skill level 9 in Shapeshifting
 20254 | Lair:2   | Found a staircase to the Swamp.
 20621 | Lair:2   | Found a staircase to the Snake Pit.
 20774 | Lair:2   | Reached XP level 12. HP: 86/101 MP: 12/12
 21471 | Lair:3   | Found a sparkling altar of Nemelex Xobeh.
 22466 | Lair:4   | Reached skill level 3 in Evocations
 22471 | Lair:4   | Reached ** piety under Wu Jian
 22712 | Lair:4   | Found an ornate altar of the Wu Jian Council.
 23114 | Lair:4   | Reached skill level 9 in Fighting
 23743 | Lair:5   | Entered Level 5 of the Lair of Beasts
 23746 | Lair:5   | Noticed a four-headed hydra
 23752 | Lair:5   | Killed a four-headed hydra
 23776 | Lair:5   | Noticed a catoblepas
 23833 | Lair:5   | Noticed a six-headed hydra
 23854 | Lair:5   | Reached *** piety under Wu Jian
 23859 | Lair:5   | Killed a six-headed hydra
 23860 | Lair:5   | Reached XP level 13. HP: 82/113 MP: 13/13
 24110 | Lair:4   | Reached skill level 3 in Stealth
 25022 | Lair:5   | Reached **** piety under Wu Jian
 26203 | Lair:5   | Reached skill level 3 in Shields
 26262 | Lair:5   | Found a staircase to the Slime Pits.
 26402 | Lair:5   | Got Sif Muna's Information on Topology
 27673 | D:12     | Noticed Jorgrun
 27685 | D:12     | Killed Jorgrun
 27686 | D:12     | Gained mutation: Your large and strong wings let you fly.
                  | [Black Draconian growth]
 27686 | D:12     | Reached XP level 14. HP: 122/122 MP: 14/14
 27702 | D:12     | Noticed Lodul
 27765 | D:12     | Killed Lodul
 27949 | D:12     | You are sucked into a shaft and drop 2 floors!
 28341 | D:12     | Found a staircase to the Orcish Mines.
 28345 | D:12     | Noticed Nergalle
 28599 | D:12     | Killed Nergalle
 28653 | Orc:1    | Entered Level 1 of the Orcish Mines
 28674 | Orc:1    | Reached skill level 9 in Dodging
 28688 | Orc:1    | Found a frozen archway.
 28702 | Orc:1    | Reached ***** piety under Wu Jian
 28711 | IceCv    | Entered an ice cave
 29336 | IceCv    | Noticed a frost giant
 29511 | IceCv    | Killed a frost giant
 30135 | Orc:2    | Entered Level 2 of the Orcish Mines
 30200 | Orc:2    | Found a staircase to the Elven Halls.
 30275 | Orc:2    | Noticed Saint Roka
 30777 | Orc:2    | Killed Saint Roka
 31278 | Orc:2    | Noticed an orc warlord
 31284 | Orc:2    | Killed an orc warlord
 31407 | Orc:2    | Noticed an orc warlord
 31433 | Orc:2    | Killed an orc warlord
 31749 | Orc:2    | Reached ****** piety under Wu Jian
 31813 | Orc:2    | Reached XP level 15. HP: 119/134 MP: 15/15
 32045 | Orc:2    | Found Dawaa's General Store.
 32046 | Orc:2    | Found Odets's Jewellery Boutique.
 32048 | Orc:2    | Found Asaock's Antique Armour Shop.
 32048 | Orc:2    | Found Wusopn's Antique Weapon Shop.
 32537 | D:2      | Bought an amulet of guardian spirit for 360 gold pieces
 32929 | Orc:1    | Found an iron altar of Okawaru.
 33370 | D:13     | Found a runed translucent door.
 33370 | D:13     | Found a shimmering altar of Xom.
 33370 | D:13     | Noticed Winlehek's ghost (journeyman HOFi)
 34277 | D:14     | Reached skill level 3 in Spellcasting
 34659 | D:14     | Found a gate to the Vaults.
 34829 | D:14     | Found Raddaicwi's Weapon Boutique.
 34952 | D:15     | Entered Level 15 of the Dungeon
 35272 | D:15     | Found a staircase to the Depths.
 37314 | D:2      | Bought a ring of poison resistance for 240 gold pieces
 37621 | Swamp:1  | Entered Level 1 of the Swamp
 37799 | Lair:2   | Upgraded the game from 0.32-a0-20-ge526923d97 to
                  | 0.32-a0-22-g6ae6769602
 37933 | Snake:1  | Entered Level 1 of the Snake Pit
 38587 | Snake:1  | Noticed Agnes
 38592 | Snake:1  | Killed Agnes
 38593 | Snake:1  | Reached XP level 16. HP: 147/147 MP: 23/23
 39511 | Snake:1  | Reached skill level 15 in Fighting
 39665 | Snake:2  | Found Uwub's Magic Scroll Shoppe.
 39668 | Snake:2  | Found Jeg Ameu's Armour Shoppe.
 39668 | Snake:2  | Found Taron's Armour Emporium.
 39671 | Snake:2  | Found Soskiorch's Antique Weapon Emporium.
 39689 | Snake:2  | Bought the +0 kite shield of Asceticism {rF+ Dex+4} for 430
                  | gold pieces
 39707 | Snake:2  | Bought a scroll of teleportation for 39 gold pieces
 39707 | Snake:2  | Bought a scroll of fog for 52 gold pieces
 39707 | Snake:2  | Bought a scroll of fear for 52 gold pieces
 39783 | Snake:2  | Noticed Azrael
 39826 | Snake:2  | Killed Azrael
 42144 | Elf:1    | Entered Level 1 of the Elven Halls
 42328 | Elf:1    | Paralysed by an air elemental for 1 turns
 42534 | Elf:1    | Found Myidiwots's Book Emporium.
 42571 | Elf:1    | Paralysed by an air elemental for 1 turns
 43769 | Elf:1    | Got the Exposition on Injury and Summoning
 44240 | Elf:1    | Reached XP level 17. HP: 156/156 MP: 22/24
 44483 | Elf:2    | Reached skill level 9 in Shields
 45212 | Elf:2    | Found Rotolub's Book Shop.
 45507 | Elf:2    | Found a runed translucent gate.
 45507 | Elf:2    | Found a runed translucent gate.
 45507 | Elf:2    | Found a runed translucent gate.
 47326 | Abyss:3  | Cast into level 3 of the Abyss (+2 lajatang of distortion)
 47356 | Elf:2    | Escaped the Abyss
 48194 | Snake:4  | Entered Level 4 of the Snake Pit
 48388 | Snake:4  | Found Jiguu's Vocational Training.
 48508 | Snake:4  | Noticed Nikola
 48519 | Snake:4  | Killed Nikola
 48717 | Snake:4  | Identified the serpent talisman of Roorph {Str+8 Int-5}
 48717 | Snake:4  | Noticed Aizul
 48737 | Snake:4  | Killed Aizul
 49695 | Snake:4  | Reached XP level 18. HP: 163/163 MP: 25/25
 50131 | Snake:4  | Noticed Vashnia
 50156 | Snake:4  | Reached skill level 15 in Dodging
 50171 | Snake:4  | Killed Vashnia
 50191 | Snake:4  | Got a serpentine rune of Zot
 50500 | Swamp:1  | Reached skill level 15 in Shapeshifting
 50579 | Swamp:1  | Noticed Kirke
 50720 | Lair:2   | Killed Kirke
 51475 | Swamp:2  | Noticed Mlioglotl
 51481 | Swamp:2  | Killed Mlioglotl
 52324 | Swamp:4  | Entered Level 4 of the Swamp
 52704 | Swamp:4  | Reached skill level 15 in Shields
 52833 | Swamp:4  | Reached XP level 19. HP: 134/170 MP: 17/26
 52915 | Swamp:4  | Identified the orb of Astaifymp {*Rage, MP+9 Int+2}
 52978 | Swamp:4  | Got a decaying rune of Zot
 53466 | Vaults:1 | Entered Level 1 of the Vaults
 53548 | Vaults:1 | Reached skill level 9 in Stealth
 53548 | Vaults:1 | Reached skill level 9 in Evocations
 54495 | Vaults:1 | Found Joc Wuske's Weapon Boutique.
 54635 | Vaults:2 | Noticed Sojobo
 54655 | Vaults:2 | Killed Sojobo
 54746 | Vaults:2 | Identified the +5 ring mail of the True Pharaoh {Rampage
                  | *Corrode rElec Regen+}
 55014 | Vaults:2 | Found a staircase to the Crypt.
 55014 | Vaults:2 | Found an ancient bone altar of Kikubaaqudgha.
 55014 | Vaults:2 | Found a basalt altar of Yredelemnul.
 55106 | Vaults:2 | Identified the +7 scimitar of Context {pain, Str+5}
 56124 | Vaults:3 | Reached XP level 20. HP: 178/180 MP: 24/27
 56629 | Vaults:3 | You are sucked into a shaft and drop 1 floor!
 57371 | Vaults:4 | Found Ileg's General Store.
 58332 | Vaults:3 | Reached XP level 21. HP: 191/191 MP: 28/28
 58392 | Vaults:3 | Noticed a dread lich
 58411 | Vaults:3 | Paralysed by a dread lich for 3 turns
 58417 | Vaults:3 | Killed a dread lich
 58834 | Vaults:3 | Found Taronuc's Antique Armour Boutique.
 58951 | Vaults:3 | Identified the +4 battleaxe "Uraam" {freeze, ^Fragile
                  | +Blink rPois}
 58963 | Vaults:3 | Identified the ring "Jiju" {rCorr Dex+3}
 59527 | Depths:1 | Entered Level 1 of the Depths
 59583 | Depths:1 | Found a gateway to Hell.
 60251 | Depths:1 | Found a one-way gate to the infinite horrors of the Abyss.
 60374 | Depths:1 | Identified the ring of the Princeling {Will+ Dex+6 Stlth+}
 60609 | Depths:2 | Found a one-way gate leading to the halls of Pandemonium.
 60669 | Depths:2 | Found Sinkoymo's Book Shop.
 60938 | Depths:2 | Found an ancient bone altar of Kikubaaqudgha.
 61287 | Depths:2 | Found a one-way gateway to a ziggurat.
 61444 | Depths:3 | Reached XP level 22. HP: 202/202 MP: 29/29
 61491 | Depths:3 | Noticed a golden dragon
 61518 | Depths:3 | Killed a golden dragon
 62119 | Depths:3 | Found a radiant altar of Vehumet.
 62351 | Depths:3 | Found a runed translucent door.
 62352 | Depths:3 | Found a runed translucent door.
 62352 | Depths:3 | Noticed a golden dragon
 62357 | Depths:3 | Noticed a golden dragon
 62359 | Depths:3 | Killed a golden dragon
 62364 | Depths:3 | Identified the ring "Zuse" {rPois Will+ Str+6 Int+4 Dex-4}
 62373 | Depths:3 | Identified the ring of Hittach {*Slow +Blink rN+ Str+3
                  | SInv}
 62376 | Depths:3 | Noticed a golden dragon
 62384 | Depths:3 | Killed a golden dragon
 62412 | Depths:3 | Identified the ring "Moowyos" {^Contam Will+ EV+5 SInv}
 62423 | Depths:3 | Identified the ring of Utynt {rElec rPois Will++ rCorr
                  | Str-2}
 62544 | Depths:3 | Noticed an ancient lich
 62909 | Depths:3 | Killed an ancient lich
 63070 | Depths:3 | Got the Vellum of Crystalline Evil
 63200 | Depths:3 | Killed a golden dragon
 63325 | Depths:4 | Entered Level 4 of the Depths
 63456 | Depths:4 | Noticed a caustic shrike
 63465 | Depths:4 | Killed a caustic shrike
 63584 | Depths:4 | Found a snail-covered altar of Cheibriados.
 63862 | Depths:4 | Noticed a caustic shrike
 63866 | Depths:4 | Noticed a caustic shrike
 63872 | Depths:4 | Killed a caustic shrike
 63872 | Depths:4 | Noticed a caustic shrike
 63876 | Depths:4 | Killed a caustic shrike
 63877 | Depths:4 | Reached XP level 23. HP: 209/209 MP: 28/30
 63883 | Depths:4 | Killed a caustic shrike
 64039 | Depths:4 | Found a gate to the Realm of Zot.
 64149 | Depths:4 | Identified the +10 demon whip "Ufar" {flame, rPois rF+
                  | Dex+2}
 64384 | Depths:4 | Reached skill level 15 in Evocations
 64874 | Vaults:5 | Entered Level 5 of the Vaults
 64964 | Vaults:5 | Noticed a dread lich
 65127 | Vaults:5 | Killed a dread lich
 65209 | Vaults:5 | Identified the +8 morningstar of the Telling Owl {holy,
                  | Str+2}
 65209 | Vaults:5 | Identified the +5 shortbow "Etasakik" {freeze, rF+ Str+2}
 65235 | Vaults:5 | Identified the ring of the Rotten Banana {rElec rC+ Str-2
                  | Int+6}
 65318 | Vaults:5 | Identified the staff "Ycwahyn" {rN+ Str+2 Necro}
 65375 | Vaults:5 | Identified the scarf of Josutz {rC+ rF+, Rampage}
 65620 | Vaults:5 | Got the Secrets of the Caves
 66124 | Vaults:5 | Got the Compendium of the Wind
 66132 | Vaults:5 | Identified the +0 scale mail of Foolhardiness {Dex+2}
 66215 | Vaults:5 | Noticed a dread lich
 66227 | Vaults:5 | Killed a dread lich
 66228 | Vaults:5 | Reached XP level 24. HP: 204/224 MP: 2/30
 66237 | Vaults:5 | Got a silver rune of Zot
 66957 | Vaults:3 | Identified the +2 scale mail "Ykeeb" {Int+3 SInv}
 67524 | Orc:2    | Bought a scroll of revelation for 127 gold pieces
 67524 | Orc:2    | Bought a potion of cancellation for 136 gold pieces
 67845 | Vaults:4 | Bought a potion of magic for 184 gold pieces
 67845 | Vaults:4 | Bought a wand of digging (8) for 772 gold pieces
 67845 | Vaults:4 | Bought a wand of iceblast (5) for 276 gold pieces
 67845 | Vaults:4 | Bought a potion of curing for 69 gold pieces
 67845 | Vaults:4 | Bought a potion of ambrosia for 184 gold pieces
 68150 | Zot:1    | Entered Level 1 of the Realm of Zot
 68200 | Zot:2    | Learned a level 3 spell: Passwall
 68260 | Zot:2    | Identified the +5 whip "Bacvifoll" {flame, ^Drain +Blink
                  | Str-4 Dex+8}
 68480 | Zot:4    | Reached skill level 3 in Earth Magic
 68841 | Zot:5    | Entered Level 5 of the Realm of Zot
 69334 | Zot:5    | Noticed an ancient lich
 69425 | Zot:5    | Noticed an orb of fire
 69435 | Zot:5    | Gained mutation: You have large cloven feet. [an orb of
                  | fire]
 69437 | Zot:5    | Gained mutation: You are dopey. (Int -2) [an orb of fire]
 69440 | Zot:5    | Killed an orb of fire
 69533 | Zot:5    | Killed an ancient lich
 69548 | Zot:5    | Learned a level 2 spell: Blink
 69641 | Zot:5    | Noticed an orb of fire
 69673 | Zot:5    | Gained mutation: You do not regenerate when monsters are
                  | visible. [an orb of fire]
 69684 | Zot:5    | Killed an orb of fire
 69804 | Zot:5    | Noticed an ancient lich
 69820 | Zot:5    | Killed an ancient lich
 69916 | Zot:5    | Lost mutation: You do not regenerate when monsters are
                  | visible. [potion of mutation]
 69916 | Zot:5    | Lost mutation: You are dopey. (Int -2) [potion of mutation]
 69916 | Zot:5    | Lost mutation: You have large cloven feet. [potion of
                  | mutation]
 69916 | Zot:5    | Gained mutation: You have supernaturally acute eyesight.
                  | (SInv) [potion of mutation]
 69916 | Zot:5    | Gained mutation: You are strong-willed. (Will+) [potion of
                  | mutation]
 69916 | Zot:5    | Gained mutation: Your spells are a little harder to cast,
                  | but a little more powerful. [potion of mutation]
 70129 | Zot:5    | Reached skill level 3 in Translocations
 70303 | Zot:5    | Noticed an orb of fire
 70303 | Zot:5    | Noticed a Killer Klown
 70304 | Zot:5    | Noticed an orb of fire
 70309 | Zot:5    | Killed an orb of fire
 70310 | Zot:5    | Killed an orb of fire
 70311 | Zot:5    | Killed a Killer Klown
 70316 | Zot:5    | Noticed a Killer Klown
 70321 | Zot:5    | Killed a Killer Klown
 70331 | Zot:5    | Noticed a dread lich
 70332 | Zot:5    | Noticed a dread lich
 70339 | Zot:5    | Killed a dread lich
 70341 | Zot:5    | Killed a dread lich
 70345 | Zot:5    | Noticed a Killer Klown
 70353 | Zot:5    | Noticed a dread lich
 70357 | Zot:5    | Killed a Killer Klown
 70361 | Zot:5    | Killed a dread lich
 70363 | Zot:5    | Reached skill level 9 in Spellcasting
 70376 | Zot:5    | Noticed an orb of fire
 70386 | Zot:5    | Got the Orb of Zot
 70397 | Zot:5    | Noticed an orb of fire
 70405 | Zot:5    | Killed an orb of fire
 70406 | Zot:5    | Reached XP level 25. HP: 194/231 MP: 8/36
 70411 | Zot:5    | Gained mutation: You are weak. (Str -2) [an orb of fire]
 70900 | D:9      | Noticed Bila the pandemonium lord
 71012 | D:$      | Escaped with the Orb!

Illustrated notes

Levels and vault maps discovered:
D:1:      dpeg_arrival_subterranean_lakeside_camping, layout_rooms,
          hangedman_decor_points
D:2:      layout_rooms, serial_shops, nicolae_shop_just_a_little_nook,
          nrook_mini_backslash, minmay_misc_feat_iff,
          amcnicky_mini_corridor_feature, uniq_crazy_yiuf_cottage
D:3:      layout_basic, hellmonk_sif_muna_bookshelves
D:4:      layout_layer_cave
D:5:      layout_rooms, mainiacjoe_overflow_small_starburst, uniq_prince_ribbit1
D:6:      layout_rooms, grunt_dithmenos_shadows, lemuel_doored_altar,
          minmay_temple_entry_glass
D:7:      layout_basic, mainiacjoe_overflow_boulevard, serial_shops,
          kennysheep_little_box, roderic_batcave, item_on_display_a
D:8:      layout_basic, special_room [special_room_orc]
D:9:      layout_basic, grunt_temple_overflow_order_and_chaos_2,
          mainiacjoe_overflow_alcove_3, trog_hazing_becter
D:10:     layout_loops_corners, nicolae_wu_jian_glorious_leap, serial_glass,
          glass_columns_a, glass_columns_c, minmay_parallelograms,
          due_unseen_surprise, uniq_urug
D:11:     layout_gridville, erik_lair_island, nicolae_stop_n_shop_2,
          nicolae_ru_great_annihilating_truth
D:12:     layout_loops_corners, david_orc_1_choice,
          minmay_fractal_squares_gapless_5, uniq_lodul, uniq_nergalle,
          uniq_jorgrun
D:13:     layout_gridville, ebering_ghost_xom
D:14:     layout_irregular_city, hellmonk_vaults_order_and_chaos, serial_shops,
          shop, minmay_misc_feat_diagonals, kb_rosetta
D:15:     gammafunk_depths_entry_grave, layout_grid_maze,
          chequers_decorated_corner
Temple:   dpeg_three_leaves_temple
Lair:1:   layout_regular_city, serial_bayou_pond_d, serial_bayou_shore_b
Lair:2:   layout_gridlike, swamp_mist_pool, dummy_snake_entry,
          grunt_megastairs_5
Lair:3:   layout_misc_corridors, basic_altar, grunt_forest_large_clearing_hut
Lair:4:   layout_hall_layers, basic_altar, disabler_island
Lair:5:   minmay_lair_end_frog_pond, layout_long_grid, dpeg_slime_entry_enclosed
Swamp:1:  layout_basic_swamp, evilmike_swamp_ruin_rubble_2, uniq_kirke
Swamp:2:  layout_basic_swamp, hangedman_swamp_ruin_wall, uniq_mlioglotl
Swamp:3:  layout_basic_swamp, nicolae_swamp_small_spring,
          infiniplex_staircase_pool
Swamp:4:  swamp_basic_johnstein, layout_basic_swamp
Snake:1:  layout_chambers, uniq_agnes
Snake:2:  layout_cave_pods, minmay_shoptagon, uniq_azrael
Snake:3:  layout_honeycomb
Snake:4:  snake_pit, layout_cave_shapes, nicolae_shop_vocational,
          serial_bayou_shore_b, serial_bayou_shore_a, uniq_vashnia, uniq_nikola,
          uniq_aizul
Orc:1:    layout_caves, portal_ice_cave_entry_imps, basic_altar,
          okawaru_metal_pillars_3
Orc:2:    st_orc_congregation, layout_caves, uniq_saint_roka
Elf:1:    eino_elf_arrival_customs, layout_loops_corners, serial_shops, shop,
          minmay_elf_sorcery
Elf:2:    elven_hall_of_blades_hangedman_original [nooodl_blade_entry_preview],
          layout_loops_cross, serial_shops, shop, minivault_8
Vaults:1: vaults_room_pools, v_misc_25, v_pattern_2,
          nicolae_vaults_twisting_passages, kennysheep_ogre_elephant_herders,
          ontoclasm_vaults_bender, nicolae_vaults_sightless_eye,
          nicolae_vaults_variable_pillar_hall, ontoclasm_vaults_ring_small,
          hangedman_vaults_restitches, nicolae_vaults_prndl,
          nicolae_vaults_tetromino_T_2, layout_vaults_omnibox, serial_shops,
          shop
Vaults:2: vaults_mumra_hexcomb, nicolae_vaults_prndl,
          minmay_crypt_entry_necro_gods, vaults_room_hallway,
          nicolae_vaults_trapezoid_1, nicolae_vaults_house_2,
          nicolae_vaults_little_squares_6, layout_vaults_omnigrid, uniq_sojobo
Vaults:3: v_rooms_6, vaults_room_pools, st_greater_box_4,
          dpeg_vaults_monster_box, v_pattern_1, nicolae_vaults_ninety_degrees,
          vaults_mumra_hex, vaults_dpeg_ring, vaults_dpeg_encased_lava,
          vaults_mumra_minichess, nicolae_vaults_double_plus_2,
          layout_vaults_omnicross, serial_shops, shop
Vaults:4: nicolae_vaults_disjoint_gnomons, nicolae_vaults_weapon_check,
          ontoclasm_vaults_ring_square, hangedman_vaults_slice,
          nicolae_vaults_quartermaster, ontoclasm_vaults_ring_square,
          ontoclasm_vaults_misaligned, grunt_vaults_bifocal,
          nicolae_vaults_yaktaur_gun_rack, nicolae_vaults_trapezoid_lopsided_3,
          nicolae_vaults_network_periphery, nicolae_vaults_sesquioval_fish,
          ontoclasm_vaults_ring_large, v_misc_15, layout_vaults_maze,
          serial_shops, shop
Vaults:5
Depths:1: layout_gridlike, minmay_room_of_horrors, hell_entry,
          solitary_fountain, kennysheep_doodads, lemuel_flame_loot_1
Depths:2: mu_elephants_graveyard, layout_small_grid, enter_ziggurat_c,
          serial_shops, nicolae_shop_advertising_works
          [nicolae_subvault_shop_adworks], pan_entry, pf_coc_iceberg,
          kiku_gazebo_garden_becter, minmay_staircase_bubble
Depths:3: minmay_the_grid_triangle_9x9_rhombus_full
          [minmay_the_grid_triangle_9x9_sparse_checkered,
          minmay_the_grid_triangle_9x9_minimal,
          minmay_the_grid_triangle_9x9_warning,
          minmay_the_grid_triangle_9x9_limited_checkers,
          minmay_the_grid_triangle_9x9_corruption,
          minmay_the_grid_triangle_9x9_tough_junction,
          minmay_the_grid_triangle_9x9_longest,
          minmay_the_grid_triangle_9x9_prize_special], layout_cave_pools,
          hell_entry, abyss_entry, special_room [special_room_magic_class],
          nicolae_vehumet_altar_sigil, minmay_staircase_windowed_large
Depths:4: evilmike_zot_entry_diamond, layout_basic, abyss_entry, hellmouth_2,
          minmay_tree_intersection, abandoned_shop, cheibriados_altar_1,
          minmay_shop_grove
Zot:1:    kennysheep_ambush_hall, layout_gridlike
Zot:2:    layout_misc_corridors
Zot:3:    layout_gridlike, regret_index_zotdec_onion_hex, lemuel_elevator,
          uniq_josephina
Zot:4:    layout_misc_corridors, regret_index_zotdec_silver_v_v_orig_slice,
          grunt_megastairs_3
Zot:5:    layout_basic, st_stairs_8

Skill      XL: |  1  2  3  4  5  6  7  8  9 10 11 12 13 14 15 16 17 18 19 20 21 22 23 24 |
---------------+-------------------------------------------------------------------------+-----
Short Blades   | 4 5 6 7 8 11 12 14 | 14.0
Stealth        | 1 2 8 10 | 10.0
Fighting       | 3 4 5 6 7 9 10 12 14 15 17 18 20 | 20.0
Air Magic      | 4 6 |  6.0
Dodging        | 3 5 7 8 10 12 13 14 15 16 17 18 19 20 | 20.0
Evocations     | 2 5 8 10 11 14 15 | 15.0
Shapeshifting  | 7 10 12 13 14 15 16 17 19 | 19.0
Shields        | 4 5 8 11 15 16 17 18 | 18.0
Spellcasting   | 5 9 |  9.8
Earth Magic    | 7 |  7.9
Translocations | 7 |  7.8
Throwing       | |  1.7

Action                     |  1- 3 |  4- 6 |  7- 9 | 10-12 | 13-15 | 16-18 | 19-21 | 22-24 | 25-27 || total
---------------------------+-------+-------+-------+-------+-------+-------+-------+-------+-------++-------
  Melee: Rapier            |   108 |   181 |   320 |   777 |  1887 |   754 |       |    27 |       ||  4054
         Tailslap          |    11 |    28 |   119 |   159 |   412 |   488 |   595 |   569 |    42 ||  2423
         Punch             |     2 |     4 |    12 |    14 |     3 |       |       |       |       ||    35
         Short sword       |       |       |   332 |    77 |       |       |       |       |       ||   409
         Maw               |       |       |       |   146 |   837 |   839 |  1034 |   878 |    65 ||  3799
         Quick blade       |       |       |       |       |       |  1409 |  2280 |  2098 |   123 ||  5910
  Throw: Dart              |     2 |     4 |    10 |       |     4 |     1 |       |       |       ||    21
         Throwing net      |       |     1 |       |     2 |     3 |       |       |       |       ||     6
         Javelin           |       |       |     1 |       |       |       |       |       |       ||     1
   Cast: Swiftness         |       |       |       |       |       |     1 |       |       |       ||     1
         Passwall          |       |       |       |       |       |       |       |     2 |       ||     2
 Invoke: Heavenly Storm    |       |       |       |       |     1 |     1 |       |     2 |       ||     4
         Serpent's Lash    |       |       |       |       |     2 |     2 |     1 |     1 |       ||     6
Ability: Breathe Lightning |       |       |    50 |    14 |     7 |    15 |     9 |       |       ||    95
         Lunge             |       |       |       |    28 |   107 |   117 |   109 |    86 |     3 ||   450
         Whirlwind         |       |       |       |    80 |   318 |   258 |   192 |   221 |     5 ||  1074
         Wall Jump         |       |       |       |       |     1 |       |       |       |       ||     1
  Evoke: Wand              |       |     8 |     2 |     2 |     6 |     7 |       |     2 |       ||    27
         Phial of floods   |       |       |       |       |     2 |     2 |     1 |       |       ||     5
         Condenser vane    |       |       |       |       |       |       |     2 |     2 |       ||     4
         Lightning rod     |       |       |       |       |       |       |       |     3 |       ||     3
         Box of beasts     |       |       |       |       |       |       |       |     1 |       ||     1
    Use: Scroll            |     2 |     3 |     9 |    10 |    11 |    17 |     3 |    15 |       ||    70
         Potion            |       |     3 |     3 |     2 |    13 |     4 |     2 |    11 |       ||    38
   Stab: Sleeping          |     2 |     3 |       |     7 |    48 |    32 |    36 |    16 |       ||   144
         Distracted        |       |       |     1 |     4 |     7 |     9 |    11 |     8 |       ||    40
         Held in net/web   |       |       |       |     5 |     1 |       |       |       |       ||     6
         Paralysed         |       |       |       |     1 |       |       |       |       |       ||     1
         Invisible         |       |       |       |       |     7 |     3 |       |       |       ||    10
 Armour: Skin              |    49 |    78 |   348 |   441 |   608 |   388 |   263 |   293 |     8 ||  2476
  Dodge: Dodged            |    57 |   105 |   314 |   442 |   775 |   631 |   488 |   442 |    22 ||  3276
  Block: Buckler           |       |       |       |       |   259 |    19 |       |       |       ||   278
         Kite shield       |       |       |       |       |       |   572 |   556 |   426 |    22 ||  1576
   Form: Maw               |       |       |       |     1 |       |       |       |       |       ||     1

Table legend: (Time is in decaauts)
 A = Elapsed time spent in this place.
 B = Non-inter-level travel time spent in this place.
 C = Inter-level travel time spent in this place.
 D = Time resting spent in this place.
 E = Time spent auto-exploring this place.
 F = Levels seen in this place.
 G = Mean time per level.
                   A        B        C        D        E       F      G
               +--------+--------+--------+--------+--------+-----+--------+
         Total |  69193 |  61837 |   7356 |  20210 |  27433 |  49 | 1412.1 |
       Dungeon |  25679 |  22024 |   3655 |   7231 |  10448 |  15 | 1711.9 |
        Temple |    292 |    292 |      0 |    276 |      0 |   1 |  292.0 |
          Lair |   8679 |   8046 |    633 |   3073 |   2987 |   5 | 1735.8 |
         Swamp |   2746 |   2654 |     92 |    459 |   1458 |   4 |  686.5 |
     Snake Pit |   6229 |   5833 |    396 |   1909 |   2693 |   4 | 1557.2 |
  Orcish Mines |   2738 |   2526 |    212 |   1042 |    826 |   2 | 1369.0 |
   Elven Halls |   5631 |   5408 |    223 |   2774 |   1488 |   2 | 2815.5 |
        Vaults |   8527 |   7117 |   1410 |    966 |   4299 |   5 | 1705.4 |
        Depths |   5083 |   4469 |    614 |    695 |   2609 |   4 | 1270.8 |
           Zot |   2358 |   2240 |    118 |   1289 |    254 |   5 |  471.6 |
         Abyss |     29 |     29 |      0 |      0 |      0 |   1 |   29.0 |
      Ice Cave |   1196 |   1196 |      0 |    494 |    371 |   1 | 1196.0 |
               +--------+--------+--------+--------+--------+-----+--------+

Top non-repeatable levels by time:
     D:4: 3952 daAuts
   Elf:2: 2935 daAuts
   Elf:1: 2695 daAuts
  Lair:4: 2263 daAuts
Vaults:3: 2207 daAuts
  Lair:5: 2167 daAuts
  Lair:1: 2010 daAuts
 Snake:3: 1939 daAuts
     D:8: 1932 daAuts
Depths:3: 1914 daAuts
     D:3: 1888 daAuts
    D:15: 1884 daAuts
Vaults:5: 1876 daAuts
    D:11: 1871 daAuts
    D:14: 1754 daAuts
